 Dungeon Crawl Stone Soup version 0.31-a0-214-gb37851dbb3 (webtiles) character file.

Game seed: 17297320373652168731

1516 promet the Covered (level 9, -1/66 HPs)
             Began as a Human Wanderer on July 1, 2023.
             Slain by a wyvern (13 damage)
             ... on level 7 of the Dungeon.
             The game lasted 00:45:56 (13174 turns).

promet the Covered (Human Wanderer)                Turns: 13174, Time: 00:45:57

Health: -1/66      AC:  9    Str: 11    XL:     9   Next: 9%
Magic:  12/14      EV: 11    Int: 20    God:
Gold:   285        SH:  0    Dex: 11    Spells: 10/14 levels left

rFire   . . .        a - +1 hand axe (heavy)
rCold   . . .        (no shield)
rNeg    . . .        j - +0 ring mail
rPois   .            m - +1 helmet
rElec   .            (no cloak)
rCorr   .            v - +0 pair of gloves
SInv    .            (no boots)
Will    .....        (no amulet)
Stlth   +            (no ring)
HPRegen 0.31/turn    (no ring)
MPRegen 0.14/turn

%: no passive effects
@: no status effects
A: no striking features
a: no special abilities


You were on level 7 of the Dungeon.
You visited 1 branch of the dungeon, and saw 7 of its levels.

You collected 285 gold pieces.

Inventory:

Hand Weapons
 a - a +1 heavy hand axe (weapon)
 b - a +1 sling of freezing
 e - a +0 spear
 l - a +0 mace
 o - a +0 halberd
 u - a +1 mace of draining
 A - a +1 mace of protection
 C - a +0 hammer of protection
Missiles
 i - 53 stones
 p - 5 boomerangs (quivered)
 r - 5 atropa-tipped darts
 s - 13 poisoned darts
Armour
 h - an orb of energy
 j - a +0 ring mail (worn)
 m - a +1 helmet (worn)
 v - a +0 pair of gloves (worn)
Wands
 c - a wand of flame (5)
 n - a wand of charming (8)
Scrolls
 d - a scroll of fear
 k - 4 scrolls of teleportation
 t - 2 scrolls of enchant armour
 y - a scroll of identify
Potions
 f - 3 potions of brilliance
 g - a potion of resistance
 q - a potion of attraction
 w - a potion of mutation
 z - a potion of berserk rage


   Skills:
 * Level 4.4 Fighting
 + Level 2.9(3.5) Axes
 + Level 2.4(3.1) Maces & Flails
 + Level 1.2(2.2) Polearms
 + Level 1.7 Ranged Weapons
 + Level 5.2 Armour
 + Level 2.6 Dodging
 + Level 1.0 Stealth
 + Level 3.3 Spellcasting
 + Level 2.2 Conjurations
 + Level 0.4 Ice Magic
 + Level 4.6 Air Magic
 + Level 2.3 Poison Magic
 + Level 1.0 Invocations


You had 10 spell levels left.
You knew the following spells:

 Your Spells              Type           Power      Damage    Failure   Level
a - Shock                 Conj/Air       68%        1d7       8%          1
b - Poisonous Vapours     Pois/Air       34%        N/A       11%         2
c - Freeze                Ice            20%        1d4       26%         1

Your spell library contained the following spells:

 Spells                   Type           Power      Damage    Failure   Level
 Swiftness                Air            21%        N/A       14%         3
 Apportation              Tloc           6%         N/A       30%         1
 Necrotise                Necr           12%        1d4       30%         1
 Summon Small Mammal      Summ           12%        N/A       30%         1
 Ensorcelled Hibernation  Hex/Ice        8%         N/A       38%         2
 Passwall                 Tmut/Erth      2%         N/A       41%         2
 Hailstorm                Conj/Ice       8%         3d4       45%         3
 Frozen Ramparts          Ice            10%        1d2       58%         3
 Summon Lightning Spire   Summ/Air       12%        N/A       75%         4


Dungeon Overview and Level Annotations

Branches:
Dungeon (7/15)
 Temple: D:4-7

Altars:
Xom

Shops:
D:3 (

Annotations:
D:3 Sigmund
D:6 1 runed translucent door, gelatine's ghost, novice DsFi


Message History

a - a +1 heavy hand axe (weapon)
The wyvern bites you.
You slash the wyvern!
The wyvern is severely wounded.
The wyvern bites you. The wyvern bites you!
You barely miss the wyvern.
The wyvern is severely wounded.
The wyvern closely misses you. x3
You hit the wyvern but do no damage.
The wyvern is severely wounded.
The wyvern bites you! The wyvern closely misses you.
Casting: Poisonous Vapours (safe; 11% risk of failure)
Confirm with . or Enter, or press ? or * to list all spells.
Aiming: Freeze (safe; 26% risk of failure)
Press: ? - help, Shift-Dir - straight line, f/p - wyvern
Aim: a wyvern (severely wounded)
You freeze the wyvern.
The wyvern is almost dead.
The wyvern bites you!
Casting: Freeze (safe; 26% risk of failure)
Confirm with . or Enter, or press ? or * to list all spells.
Aiming: Shock (safe; 8% risk of failure)
Press: ? - help, Shift-Dir - straight line, f/p - wyvern
Aim: a wyvern (almost dead, 71% to hit)
The zap hits the wyvern.
The wyvern is almost dead.
The wyvern bites you but does no damage.
The wyvern barely misses you.
You closely miss the wyvern.
The wyvern is almost dead.
The wyvern completely misses you. The wyvern bites you.
You closely miss the wyvern. Your punch misses the wyvern.
The wyvern is almost dead.
The wyvern bites you.
* * * LOW HITPOINT WARNING * * *
The wyvern bites you!
* * * LOW HITPOINT WARNING * * *
The wyvern barely misses you.
You feel better. The wyvern bites you!
You die...

########.#.# #...# #
#.#.# #.... # #.#.#
#.#.#
########.#.####.#.#
..............>.#.#
####.#............#
...#.###.#.###..###
#..[.###........########
...........###..@l......
.....<.....# ###########
############


You could see a wyvern.

Vanquished Creatures
  Eustachio (D:6)
  2 water moccasins
  A sky beast (D:7)
  An ogre (D:5)
  2 ice beasts (D:6)
  3 phantoms
  A scorpion (D:6)
  A jelly (D:5)
  An orc priest (D:4)
  Ijyb (D:3)
  An iguana (D:5)
  6 orc wizards
  Natasha (twice) (D:3)
  6 gnolls
  8 adders
  An ufetubus (D:3)
  3 worms
  2 dart slugs (D:2)
  13 orcs
  2 endoplasms
  2 giant cockroaches
  5 goblins
  2 hobgoblins
  7 jackals
  3 kobolds
  3 quokkas
  7 ball pythons
  6 bats
  A frilled lizard (D:2)
  5 rats
99 creatures vanquished.

Notes
Turn   | Place    | Note
-------+----------+-------------------------------------------
     0 | D:1      | promet the Human Wanderer began the quest for the Orb.
     0 | D:1      | promet set off with the following items: a +0 mace, a +0
                  | ring mail, a potion of might; and the following spell
                  | memorised: Shock; and the following spells available to
                  | memorise: Poisonous Vapours, Summon Lightning Spire.
     0 | D:1      | Reached XP level 1. HP: 15/15 MP: 2/2
   464 | D:1      | Reached XP level 2. HP: 21/21 MP: 0/3
  1310 | D:2      | Reached XP level 3. HP: 26/26 MP: 4/4
  1522 | D:2      | Reached skill level 1 in Dodging
  2256 | D:1      | Reached XP level 4. HP: 33/33 MP: 5/5
  3714 | D:3      | Noticed Natasha
  3727 | D:3      | Killed Natasha
  3728 | D:3      | Reached XP level 5. HP: 28/38 MP: 1/6
  3880 | D:3      | Noticed Natasha
  3937 | D:3      | Noticed Ijyb
  3954 | D:3      | HP: 2/58 [Ijyb/puff of flame (5)]
  3958 | D:3      | Killed Ijyb
  4269 | D:3      | Noticed Sigmund
  4735 | D:3      | Killed Natasha
  4736 | D:3      | Reached skill level 1 in Polearms
  5059 | D:3      | Reached XP level 6. HP: 46/46 MP: 8/8
  5071 | D:3      | Reached skill level 4 in Armour
  5100 | D:3      | Learned a level 2 spell: Poisonous Vapours
  5120 | D:3      | Found Gajatav's Antique Weapon Emporium.
  5304 | D:4      | Reached skill level 1 in Conjurations
  5777 | D:4      | Learned a level 1 spell: Freeze
  6978 | D:5      | Entered Level 5 of the Dungeon
  7058 | D:5      | Reached XP level 7. HP: 41/52 MP: 3/9
  7407 | D:5      | Reached skill level 1 in Ranged Weapons
  7935 | D:6      | Reached skill level 1 in Axes
  8605 | D:5      | Found Ofe Peocy's Antique Weapon Shop.
  9132 | D:6      | Reached skill level 1 in Poison Magic
  9187 | D:6      | Noticed a water moccasin
  9238 | D:5      | Killed a water moccasin
  9239 | D:5      | Reached XP level 8. HP: 55/58 MP: 9/11
  9770 | D:6      | Noticed Eustachio
  9926 | D:6      | Killed Eustachio
 10961 | D:6      | Found a runed translucent door.
 10961 | D:6      | Found a shimmering altar of Xom.
 10961 | D:6      | Noticed a +4 long sword of chaos
 10961 | D:6      | Noticed gelatine's ghost (novice DsFi)
 12082 | D:6      | Reached skill level 5 in Armour
 12863 | D:7      | Reached XP level 9. HP: 48/65 MP: 13/13
 13102 | D:7      | Reached skill level 1 in Stealth
 13174 | D:7      | Slain by a wyvern

Illustrated notes

Levels and vault maps discovered:
D:1:      tekkud_arrival_beachfront_property, layout_basic
D:2:      layout_rooms, grunt_ministairs_4, uniq_crazy_yiuf_cottage
D:3:      layout_loops_ring, serial_shops, nicolae_shop_advertising_works
          [nicolae_subvault_shop_adworks], uniq_ijyb, uniq_natasha, uniq_sigmund
D:4:      layout_layer_cave, kennysheep_orc_chapel
D:5:      layout_basic, serial_shops, shop_statue
D:6:      layout_layer_cave, ebering_ghost_xom, uniq_eustachio
D:7:      layout_loops_ring, chequers_temple_overflow_statue_of_worship,
          minmay_temple_entry_statues_fountains, uniq_duvessa

Skill      XL: |  1  2  3  4  5  6  7  8  9 |
---------------+----------------------------+-----
Dodging        | 1 2 |  2.6
Fighting       | 2 3 4 |  4.4
Polearms       | 1 |  1.2
Armour         | 4 5 |  5.2
Conjurations   | 1 2 |  2.2
Maces & Flails | 2 |  2.4
Ranged Weapons | 1 |  1.7
Spellcasting   | 2 3 |  3.3
Axes           | 2 |  2.9
Poison Magic   | 1 2 |  2.3
Air Magic      | 4 |  4.6
Stealth        | 1 |  1.0
Ice Magic      | |  0.4
Invocations    | |  1.0

Action                     |  1- 3 |  4- 6 |  7- 9 || total
---------------------------+-------+-------+-------++-------
  Melee: Mace              |    75 |    78 |    34 ||   187
         Punch             |     1 |     2 |     2 ||     5
         Halberd           |       |    36 |       ||    36
         Hand axe          |       |    14 |    75 ||    89
   Fire: Sling             |       |    12 |     4 ||    16
   Cast: Shock             |    24 |    46 |    38 ||   108
         Poisonous Vapours |       |     9 |    43 ||    52
         Freeze            |       |       |     8 ||     8
    Use: Potion            |     1 |     5 |     2 ||     8
         Scroll            |       |     9 |     6 ||    15
 Armour: Ring mail         |    39 |    59 |    85 ||   183
         Skin              |       |     4 |       ||     4
  Dodge: Dodged            |    86 |    99 |   103 ||   288

Table legend: (Time is in decaauts)
 A = Elapsed time spent in this place.
 B = Non-inter-level travel time spent in this place.
 C = Inter-level travel time spent in this place.
 D = Time resting spent in this place.
 E = Time spent auto-exploring this place.
 F = Levels seen in this place.
 G = Mean time per level.
                   A        B        C        D        E       F      G
               +--------+--------+--------+--------+--------+-----+--------+
         Total |  13341 |  12852 |    489 |   6851 |   2595 |   7 | 1905.9 |
       Dungeon |  13341 |  12852 |    489 |   6851 |   2595 |   7 | 1905.9 |
               +--------+--------+--------+--------+--------+-----+--------+

Top non-repeatable levels by time:
     D:6: 3389 daAuts
     D:5: 2396 daAuts
     D:1: 2091 daAuts
     D:2: 2042 daAuts
     D:4: 1854 daAuts
     D:3: 1213 daAuts
     D:7: 353 daAuts
